[Event "Marmaris Karya-19 GM-May 2022"]
[Site "Icmeler-Marmaris"]
[Date "2022.05.16"]
[Round "9.3"]
[White "Ozsakallioglu, Okan"]
[Black "Sevdimaliyev, Urfan"]
[Result "1/2-1/2"]
[ECO "B29"]
[WhiteElo "2312"]
[BlackElo "2331"]
[Annotator "TA"]
[PlyCount "67"]
[EventDate "2022.05.15"]
[EventType "schev"]
[EventCountry "TUR"]
[SourceTitle "playchess.com"]
[Source "ChessBase"]
[SourceQuality "1"]
[TimeControl "5400+30"]

1. e4 c5 2. Nf3 Nf6 3. e5 Nd5 4. Nc3 e6 5. Nxd5 exd5 6. d4 Nc6 7. dxc5 Bxc5 8. Qxd5 d6 9. exd6 Qb6 10. Qe4+ Be6 11. Qh4 Bxd6 {[%emt 0:00:30] B29: Sicilian: 2 Nf3 Nf6 (Nimzowitsch Variation).} 12. Bd3 (12. Be2 $5 ) 12... Nb4 13. O-O {[%emt 0:00:30] Threatens to win with Be3.} Nxd3 {[%emt 0:01:30] White is slightly better.} 14. cxd3 O-O 15. b3 Qa6 16. Bb2 {[%emt 0:00:30] [#] aiming for Ng5.} Ba3 $146 ({Black should try} 16... f6 $11) ({Predecessor:} 16... f6 17. Nd4 Bd7 18. Qe4 Be5 {½-½ (18) Nogerbek,K (2341)-Kazakov,K (2369) Almaty 2019}) 17. Bxa3 $14 Qxa3 18. Qe4 {[%emt 0:00:30] Strongly threatening Ng5.} Qa5 {[%emt 0:03:30] Prevents Ng5.} 19. b4 Qh5 20. Nd4 Bd5 21. Qf5 Qxf5 22. Nxf5 {[%emt 0:00:00] Black must now prevent Ne7+.} Rfd8 23. Rfd1 a5 24. b5 a4 25. Rd2 Ra5 26. Rb1 {[%emt 0:01:30] [#]} Bc4 $1 27. d4 ({Of course not} 27. Ne7+ Kf8 28. Nf5 Rxd3 $15) (27. Ne3 Rxb5) 27... Rxb5 28. Rxb5 Bxb5 $11 {[%emt 0:00:01][%mdl 4096] Endgame KRB-KRN} 29. f4 Bd7 30. Ne3 {[%emt 0:00:00] The position is equal.} b5 31. a3 Rc8 {[%emt 0:00:36] Hoping for ...Rc3.} 32. Rc2 {[%emt 0:00:30] Against Rc3} Kf8 33. Rxc8+ Bxc8 34. Nc2 {[%emt 0:00:00] Weighted Error Value: White=0.07 (flawless) /Black=0.07 (flawless)} 1/2-1/2

[Event "Marmaris Karya-19 GM-May 2022"]
[Site "Icmeler-Marmaris"]
[Date "2022.05.16"]
[Round "9.5"]
[White "Ozdemir, Serhan Berat"]
[Black "Toufighi, Homayoon"]
[Result "0-1"]
[ECO "C41"]
[WhiteElo "2117"]
[BlackElo "2439"]
[Annotator "TA"]
[PlyCount "104"]
[EventDate "2022.05.15"]
[EventType "schev"]
[EventCountry "TUR"]
[SourceTitle "playchess.com"]
[Source "ChessBase"]
[SourceQuality "1"]
[TimeControl "5400+30"]

1. e4 e5 2. Nf3 d6 3. d4 Nd7 4. Nc3 Ngf6 5. g4 exd4 (5... Nxg4 $15 6. Rg1 exd4) 6. Qxd4 {[%emt 0:05:30] C41: Philidor Defence.} (6. Nxd4 $14 h6 7. Be2) 6... Nxg4 $15 7. Rg1 Nge5 8. Nxe5 {[%emt 0:00:30] Black is slightly better.} dxe5 {[%emt 0:00:30] [#]} 9. Qd3 $146 ({Predecessor:} 9. Qe3 c6 10. Bc4 b5 11. Bb3 Nc5 12. Qg3 Qc7 13. Be3 Nxb3 14. cxb3 f6 15. f4 {½-½ (30) Mondrzycki,B (2018)-Bebel,A (2152) Wroclaw 2008}) 9... c6 10. Bg5 f6 11. Bd2 Nc5 12. Qf3 (12. Qg3 $1 $11) 12... Be6 13. O-O-O $1 Qe7 14. Be3 Nd7 15. Qg3 g6 16. f4 Bh6 17. f5 Bxe3+ 18. Qxe3 gxf5 19. exf5 Bxf5 20. Be2 Bg6 21. h4 $1 f5 22. h5 Bf7 (22... f4 23. Qh3 Bf7 24. Rg7 $16) 23. Rg7 Qf6 (23... Rg8 $1 $15 {feels stronger.} 24. Rxh7 f4) 24. h6 $11 {[%emt 0:01:02] Rf1 is the strong threat.} O-O-O 25. Ne4 $1 fxe4 26. Rf1 {[%emt 0:00:23][%mdl 64] Deflection} Qd6 27. Rfxf7 $18 Rhf8 28. Bg4 $2 ({White has to play} 28. Rxh7 $18 {Black must now prevent Bg4.} Nc5 29. Kb1) 28... Rxf7 $15 29. Rxf7 Kb8 {[%emt 0:00:00] aiming for ...Nb6.} 30. Bxd7 Rxd7 31. Rxd7 Qxd7 32. Qxe4 $11 {[%emt 0:00:01][%mdl 4096] Endgame KQ-KQ} Qe7 33. Qg4 Kc7 34. Qg7 Kd6 35. Kd2 Ke6 36. Qg4+ Kd6 37. Qg7 Qd7 38. Qf6+ Qe6 39. Qd8+ Qd7 40. Qf6+ Kd5 {[%emt 0:00:30] With the idea ...Ke4+.} 41. Qf3+ ({White should play} 41. Kc1 $11) 41... Ke6+ $15 42. Ke2 Qd4 ({Better is} 42... Qf7 $17 {Strongly threatening ...Qxf3+.} 43. Qh3+ Kf6) 43. Qf8 (43. Qb3+ $11 Kd6 44. Qxb7) 43... Qe4+ ({Much weaker is} 43... Qxb2 $6 44. Qg8+ Kf6 45. Qg7+ Kf5 46. Qxh7+ Kg5 47. Qg7+ Kf5 48. Qh7+ Kg5 49. Qg7+ Kf5 50. h7 Qxc2+ 51. Kf1 Qc4+ 52. Kg1 Qd4+ 53. Kg2 Qe4+ 54. Kf2 Qh4+ 55. Kg2 Qe4+ 56. Kf2 Qh4+ 57. Kg2 Qe4+ $11) 44. Kd1 Qg4+ 45. Ke1 {[%emt 0:00:09] White wants to mate with Qc8+.} Qh4+ 46. Ke2 Qe7 47. Qg8+ Kf6 48. Qg4 Qf7 $1 49. Kf3 (49. Ke1 $17 {is a better defense.}) 49... Qg6 (49... Qxa2 50. Qg7+ Kf5 51. Qxh7+ Kg5 52. Qg7+ Kf5 53. Qg4+ Kf6 54. h7 Qd5+ 55. Kg3 $18) 50. Qh4+ {[%emt 0:00:04] [#]} (50. Qb4 {was the only defense.}) 50... Qg5 $1 $19 51. Qb4 {[%emt 0:00:02] [#]} (51. Qh1) 51... Qf4+ $1 52. Qxf4+ exf4 {[%emt 0:00:30] Black used his chance.  Weighted Error Value: White=0.45/Black=0.20 (precise)} 0-1

[Event "Marmaris Karya-19 GM-May 2022"]
[Site "Icmeler-Marmaris"]
[Date "2022.05.16"]
[Round "10.1"]
[White "Gholami, Aryan"]
[Black "Caglar, Sila"]
[Result "0-1"]
[ECO "D02"]
[WhiteElo "2530"]
[BlackElo "2133"]
[Annotator "TA"]
[PlyCount "108"]
[EventDate "2022.05.15"]
[EventType "schev"]
[EventCountry "TUR"]
[SourceTitle "playchess.com"]
[Source "ChessBase"]
[SourceQuality "1"]
[TimeControl "5400+30"]

1. Nf3 d5 2. g3 Nc6 3. d4 Bf5 4. Bg2 Nb4 5. Na3 Nf6 6. c3 {[%emt 0:01:30] D02: 1 d4 d5 2 Nf3 sidelines, including 2...Nf6 3 g3 and 2...Nf6 3 Bf4.} (6. Ne5 {is more complex.} e6 7. c3 Nc6 8. Nxc6 bxc6 9. Qa4) 6... Nc6 7. O-O e6 8. Nc2 {[%emt 0:00:30] The position is equal.} Be7 9. b3 O-O 10. Bb2 {[%emt 0:00:30] [#]} b5 $146 ({Predecessor:} 10... Be4 11. Nce1 a5 12. a4 Nd7 13. Bh3 Bf6 14. Nd2 Bg6 15. Ng2 Bf5 16. Bxf5 exf5 {½-½ (37) Tratar,M (2456)-Costachi,M (2425) Antalya 2017}) 11. Nh4 Be4 12. Ne3 Bxg2 13. Nhxg2 a5 14. Nf4 a4 15. Nd3 a3 16. Bc1 Ne4 17. Bd2 b4 18. Nxb4 Bxb4 19. cxb4 Nxd4 20. Be1 Nb5 $36 {[%emt 0:00:30][%mdl 2048] Black fights for an advantage.} 21. Qd3 c6 22. f3 Ned6 23. Nc2 e5 24. e4 Qb6+ 25. Bf2 d4 26. Be1 Rad8 (26... Rae8 $17) 27. Bd2 ({White should try} 27. g4 $15) 27... f6 28. Kg2 Rf7 29. Rac1 Rdf8 30. g4 Rc8 31. f4 (31. Qe2 $11) 31... Re7 (31... Qb7 $142 {And now ...c5 would win.} 32. Kg1 Qd7) 32. g5 $2 {[%emt 0:02:30] This move loses the game for White.} (32. fxe5 $17 Rxe5 33. Bf4 Rxe4 34. Nxa3 Rxf4 35. Nc4 (35. Rxf4 Nxa3 36. Rxd4 Nf7 $17) 35... Rxf1 36. Nxb6 Rxc1 37. Nxc8 Nxc8 38. a4) 32... f5 $19 33. fxe5 fxe4 34. Qg3 Nf7 35. Qg4 Rce8 36. Qxe4 Rxe5 37. Qf4 Nxg5 {[%emt 0:04:30] Active counter play!} 38. h4 $2 (38. Rce1 {was the only chance.} Qc7 39. Nxd4 Nxd4 40. Qxd4 Rxe1 41. Rxe1 Rxe1 42. Bxe1 Qxh2+ 43. Kxh2 Nf3+ 44. Kg3 Nxd4 45. b5 cxb5 46. Bb4) 38... Re2+ 39. Kh1 {[%emt 0:00:30] [#] Hoping for Rce1.} c5 $1 40. hxg5 {[%emt 0:00:30] White threatens Qf7+ and mate.} Qb7+ 41. Qf3 Qxf3+ 42. Rxf3 {[%emt 0:00:30] Strongly threatening Rd3.} Rxd2 43. bxc5 Ree2 44. Nb4 (44. Ne1 $142 Rxa2 45. c6) 44... Rh2+ 45. Kg1 Rdg2+ 46. Kf1 Nc3 47. Rfxc3 dxc3 {[%emt 0:00:30][%mdl 4096] Endgame KRR-KRN} 48. c6 Rf2+ 49. Kg1 {[%emt 0:00:30] [#]} Rhg2+ $1 50. Kh1 Rxg5 51. c7 Rc5 52. Na6 $2 (52. Nd3 Rff5 53. Nxc5 Rxc5 54. b4 Rxc7 55. Rc2) 52... Rc6 {[%emt 0:00:30] ( -> ...c2)} 53. b4 Rb2 54. Rd1 c2 {[%emt 0:00:30] Weighted Error Value: White=0.70/Black=0.20 (precise)} 0-1

[Event "Marmaris Karya-19 GM-May 2022"]
[Site "Icmeler-Marmaris"]
[Date "2022.05.16"]
[Round "10.2"]
[White "Sevdimaliyev, Urfan"]
[Black "Gunduz, Umut Erdem"]
[Result "1/2-1/2"]
[ECO "C54"]
[WhiteElo "2331"]
[BlackElo "2316"]
[Annotator "TA"]
[PlyCount "114"]
[EventDate "2022.05.15"]
[EventType "schev"]
[EventCountry "TUR"]
[SourceTitle "playchess.com"]
[Source "ChessBase"]
[SourceQuality "1"]
[TimeControl "5400+30"]

1. e4 e5 2. Bc4 Nf6 3. d3 Nc6 4. Nf3 Bc5 5. O-O O-O 6. a4 d6 7. c3 a6 8. Nbd2 {[%emt 0:09:30] C54: Giuoco Piano: 4 c3 Nf6, main lines with 5 d4 and 5 d3.} h6 9. Re1 Re8 10. b4 {[%emt 0:06:30] White has an edge.} Bb6 11. a5 Ba7 {[%emt 0:00:00] [#]} 12. b5 $146 ({Predecessor:} 12. Bb3 d5 13. exd5 Nxd5 14. Ne4 Be6 15. Bd2 Nf6 16. Ba4 Nxe4 17. dxe4 Qf6 18. Bxc6 bxc6 {1-0 (62) Salgado Lopez,I (2619)-Sanal,V (2404) Skopje 2013}) 12... axb5 13. Bxb5 Ng4 14. Re2 Bd7 15. h3 Nf6 16. Nc4 Nh5 17. Rea2 Rb8 18. a6 bxa6 19. Bxc6 Bxc6 20. Rxa6 Bb6 21. Nxb6 cxb6 22. c4 Nf6 23. Nh2 Nd7 24. Qh5 Re6 25. Ng4 Nc5 26. Ra7 Qf8 27. f4 {[%emt 0:00:30] White is more active.} ({White should play} 27. R1a3 $1 $14) 27... exf4 $1 $15 (27... Nxd3 $2 28. f5 Rbe8 29. fxe6 $18) 28. R1a3 (28. Nf2 $15) 28... Be8 $2 (28... b5 $17 29. Rc7 Be8) 29. Qd5 b5 30. Ra8 Rxa8 31. Rxa8 bxc4 (31... Na4 $5 32. Qd4 (32. Bxf4 Nb6 $17) 32... bxc4 $11) 32. Qxc4 Nd7 {[%emt 0:02:14] And now ...Nb6 would win.} 33. Qb3 {[%emt 0:01:13] Against Nb6} ({Wrong is} 33. Bxf4 $2 Nb6 34. Rxe8 Qxe8 $19) 33... d5 $2 (33... Nc5 $11 34. Qd5 Nd7) 34. Ba3 $18 Nc5 35. Qc3 (35. Qxd5 Qe7 36. Bxc5) 35... Qd6 36. Qxc5 Qxc5+ 37. Bxc5 dxe4 38. dxe4 Rxe4 39. Nf2 ({Better is} 39. Bd6 $1 $18 {Ne5 is the strong threat.} f6 40. Bxf4 $1 ) 39... Re1+ $16 40. Kh2 Kh7 (40... Re6 $16 41. h4 f6) 41. Nd3 $18 Bc6 42. Nxe1 (42. Rc8 $18 Rd1 43. Nxf4 (43. Rxc6 Rxd3 44. Ra6 Rd5 $16)) 42... Bxa8 $14 43. Nd3 g5 $1 44. Ne5 Bd5 45. Be7 Kg7 {[%emt 0:00:18] Against Bf6+} 46. Kg1 Be6 47. Kf2 f6 48. Ng4 (48. Nf3 $14) 48... Bxg4 $11 49. hxg4 {[%emt 0:00:01][%mdl 4096] Endgame KB-KP} Kg6 {[%emt 0:00:01] [#]} (49... Kf7 $11 {remains equal.} 50. Bc5 f5) 50. Bf8 $1 $16 h5 {[%emt 0:01:33] [#]} 51. gxh5+ (51. Kf3 $1 $16) 51... Kxh5 {[%emt 0:00:02] KB-K3P} 52. Kf3 f5 (52... Kg6 $11) 53. Bd6 {[%emt 0:00:14] White is better.} Kg6 54. Be5 Kh5 55. Bc7 Kg6 56. Bb6 Kh5 57. Bf2 Kg6 {[%emt 0:00:05] Black defended with fortune.  Weighted Error Value: White=0.28 (precise) /Black=0.30} 1/2-1/2

[Event "Marmaris Karya-19 GM-May 2022"]
[Site "Icmeler-Marmaris"]
[Date "2022.05.16"]
[Round "10.4"]
[White "Toufighi, Homayoon"]
[Black "Darban, Morteza"]
[Result "1-0"]
[ECO "D02"]
[WhiteElo "2439"]
[BlackElo "2279"]
[Annotator "TA"]
[PlyCount "60"]
[EventDate "2022.05.15"]
[EventType "schev"]
[EventCountry "TUR"]
[SourceTitle "playchess.com"]
[Source "ChessBase"]
[SourceQuality "1"]
[TimeControl "5400+30"]

1. d4 Nf6 2. Nf3 e6 3. Bf4 c5 4. e3 Nc6 5. Nbd2 d5 6. c3 Bd6 7. Bg3 O-O 8. Bd3 Qe7 9. Ne5 Nd7 10. Nxd7 {[%emt 0:01:00] D02: 1 d4 d5 2 Nf3 sidelines, including 2...Nf6 3 g3 and 2...Nf6 3 Bf4.} (10. f4 {seems wilder.} f5 11. O-O Nf6 12. Bh4) 10... Bxd7 (10... Qxd7 {is interesting.} 11. dxc5 Bxc5 12. Nf3 b6) 11. Bxd6 ({Of course not} 11. Qh5 f5 $11) 11... Qxd6 12. dxc5 {[%emt 0:00:00] White is slightly better.} Qxc5 {[%emt 0:00:00] [#]} (12... Qc7 $14) 13. Bxh7+ $1 $18 Kxh7 {[%emt 0:01:30] [#]} 14. Qh5+ $1 Kg8 15. Ne4 $1 $40 {[%emt 0:00:00][%mdl 192] Pin. White is out for blood.} Qb5 {[%emt 0:13:00] [#] is the legacy move (15...Qc4).} (15... g6 {is a better defense.} 16. Nxc5 gxh5) 16. Ng5 $1 Rfd8 {[%emt 0:00:30] Hoping for ...Ne5.} (16... Qd3 $2 17. e4 Rfe8 18. Qxf7+ Kh8 19. Qxd7 $18) 17. Qxf7+ Kh8 18. O-O-O Ne5 (18... d4 {was necessary.} 19. Qh5+ Kg8 20. exd4 Qf5) 19. Qh5+ {[%emt 0:00:00] White is clearly winning.} Kg8 20. Qh7+ Kf8 21. Qh8+ {[%emt 0:00:30][%mdl 64] Deflection} Ke7 22. Qxg7+ Kd6 23. Ne4+ $1 {[%emt 0:00:00][%mdl 64] Deflection} Kc6 24. Qxe5 {[%emt 0:00:00] [#]  Weighted Error Value: White=0.00 (flawless) /Black=0.65} {Predecessor:} Kb6 $146 25. Qd4+ Kc7 26. Qc5+ Bc6 27. Qxb5 Bxb5 28. Ng5 Kd7 29. e4 Rg8 30. f4 Kd6 {1-0 (46) Dew,B (2140)-Chan,K (2153) Hong Kong 2017} 1-0

[Event "Marmaris Karya-19 GM-May 2022"]
[Site "Icmeler-Marmaris"]
[Date "2022.05.16"]
[Round "10.5"]
[White "Maghalashvili, Davit"]
[Black "Ozdemir, Serhan Berat"]
[Result "1-0"]
[ECO "B40"]
[WhiteElo "2456"]
[BlackElo "2117"]
[Annotator "TA"]
[PlyCount "117"]
[EventDate "2022.05.15"]
[EventType "schev"]
[EventCountry "TUR"]
[SourceTitle "playchess.com"]
[Source "ChessBase"]
[SourceQuality "1"]
[TimeControl "5400+30"]

1. e4 c5 2. Nf3 e6 3. g3 d5 4. exd5 exd5 5. d4 Nf6 6. Bg2 {[%emt 0:00:30] B40: Sicilian: 2...e6, Unusual lines.} Nc6 7. O-O Be7 8. dxc5 {[%emt 0:00:30] The position is equal.} Bxc5 9. a3 a5 {[%emt 0:03:30] [#]} 10. Bg5 $146 ({Predecessor:} 10. Re1+ Be6 11. Nc3 O-O 12. h3 h6 13. Qd3 Qb6 14. Rf1 Ne4 15. Nxe4 dxe4 16. Qxe4 {0-1 (34) Paul,J (2211)-Webster,D (2040) Orlando 2019}) 10... Be6 11. Nc3 O-O 12. Rb1 Be7 13. Nb5 h6 14. Bf4 Rc8 15. Nfd4 Bg4 16. Qd3 Qb6 17. c3 a4 18. Nc2 ({White should try} 18. Rfe1 $11) 18... Bh5 {[%emt 0:01:30] [#] Strongly threatening ...Bg6.} 19. Nbd4 (19. Bxd5 Nxd5 20. Qxd5 Bg6 $17) (19. Be3 $1 $11 {keeps the balance.} Bc5 20. Nd6) 19... Bg6 $36 {[%emt 0:00:30][%mdl 2048] Black has strong initiative.} 20. Nf5 Bc5 21. Bh3 Rfe8 22. Qd1 Rcd8 23. Nb4 (23. Ncd4 $1 $15) 23... Ne4 ({Stronger than} 23... Bxb4 24. cxb4 Ne5 25. Rc1 $15) ({Resist} 23... Nxb4 24. axb4 Bxf5 25. Bxf5 $14) 24. Nd3 d4 25. c4 Qb3 (25... Ne7 $17 26. g4 Nxf5 27. gxf5 Bh7) 26. Qxb3 $14 axb3 27. f3 $1 Nd6 28. Nxc5 Nxf5 29. Nxb7 Ne3 (29... Rd7 $1 $11 {remains equal.} 30. Nc5 Rde7) 30. Nxd8 $16 Rxd8 31. Rbe1 ({Better is} 31. Bxe3 $16 Bxb1 32. Bf4 (32. Rxb1 dxe3 33. Re1 Rd2 $11)) 31... Nxf1 $2 (31... Nxc4 $11 {and Black has nothing to worry.} 32. Rf2 d3) 32. Bxf1 $18 Bc2 33. Bd2 d3 (33... g5 $142 34. a4 Kg7) 34. Kf2 Nd4 (34... g5 $142 35. Bg2 Nb8) 35. a4 Ne6 36. a5 Nc5 {[%emt 0:00:30] [#] And now ...Na4 would win.} 37. Ra1 {[%emt 0:00:11] Inhibits Na4. Black must now prevent a6.} Na6 38. Ke3 Kf8 39. Bc3 Ke7 40. Kd2 f6 41. Re1+ Kd6 42. Re3 Kc5 43. Bxd3 $2 (43. Re7 $18) 43... Nb4 $2 {[%emt 0:00:30] Black cannot hold the game after this.} (43... Kc6 $16) 44. Bxb4+ Kxb4 {[%emt 0:00:30][%mdl 4096] Endgame KRB-KRB} 45. a6 Rd7 46. g4 h5 $2 (46... Bxd3 {might work better.} 47. Rxd3 Ra7) 47. gxh5 f5 48. f4 Ra7 (48... Bxd3 $142 49. Rxd3 Ra7) 49. Bxc2 bxc2 {[%emt 0:00:00] KR-KR} 50. Rc3 {[%emt 0:00:30] c5 is the strong threat.} Kc5 51. Ra3 c1=Q+ 52. Kxc1 Kxc4 53. Kc2 Kb5 54. Kd3 Kb6 55. Kd4 Rd7+ 56. Ke5 {[%emt 0:00:06] White wants to mate with a7.} Ka7 57. Kxf5 Rd2 58. h4 {[%emt 0:00:18] Threatens to win with Rg3.} Rh2 59. Rg3 {[%emt 0:00:11] Weighted Error Value: White=0.18 (very precise) /Black=0.40} 1-0